Cogmind - Beta 16 @@@ ROGUE MODE // 2025.11.07 @ 10:15:19 Player: shapeshifter Result: Destroyed by 3K-HFW(R) with Subdweller Shrapnel Launcher Performance ------------- Evolutions (0) 0 Regions Visited (2) 400 Robots Destroyed (18) 90 Value Destroyed (339) 339 Prototype IDs (12) 240 Alien Tech Used (0) 0 Bonus (0) 0 TOTAL SCORE: 1069 Bonus ------- None Cogmind --------- Core Integrity 0/250 Matter 300/300 Energy 123/125 System Corruption 2% Temperature Cool (1) Movement Treading (160) Location -10/Subcaves Parts ------- > --- POWER (1) -------- Light Ion Engine > --- PROPULSION (2) --- Light Treads > --- UTILITY (2) ------ Small Storage Unit > --- WEAPON (2) ------- (None) > --- INVENTORY (8) ---- Meta Core Compact Wheel High-capacity Storage Unit Huge Storage Unit Gun Armor Peak State ------------ > --- POWER ------------ Light Ion Engine > --- PROPULSION ------- Light Treads Light Treads > --- UTILITY ---------- Small Storage Unit Seismic Detector > --- WEAPON ----------- Medium Laser Subdweller Beam Cannon > --- INVENTORY -------- Light Ion Engine Wheel Compact Wheel Compact Wheel High-capacity Storage Unit Huge Storage Unit EM Pulse Gun [Rating: 8] Favorites ----------- Power Light Ion Engine Engine Light Ion Engine Propulsion Light Treads Treads Light Treads Wheel Compact Wheel Utility Small Storage Unit Device Seismic Detector Storage Small Storage Unit Weapon EM Pulse Gun Energy Gun EM Pulse Gun Energy Cannon Subdweller Beam Cannon Build | -11 -10 -10 ------- Run | Yrd Mat Sub Slots Evolved . | . . . Power . | . . . Propulsion . | . . . Utility . | . . . Weapon . | . . . Parts Attached 12 | 7 . 5 Power 2 | 1 . 1 Engine 2 | 1 . 1 Core . | . . . Reactor . | . . . Propulsion 4 | 2 . 2 Treads 2 | 2 . . Leg . | . . . Wheel 2 | . . 2 Hover . | . . . Flight . | . . . Utility 2 | 2 . . Device 1 | 1 . . Storage 1 | 1 . . Processor . | . . . Hackware . | . . . Protection . | . . . Artifact . | . . . Weapon 4 | 2 . 2 Energy Gun 3 | 2 . 1 Energy Cannon 1 | . . 1 Ballistic Gun . | . . . Ballistic Cannon . | . . . Launcher . | . . . Special Weapon . | . . . Impact Weapon . | . . . Slashing Weapon . | . . . Piercing Weapon . | . . . Special Melee Weapon . | . . . Unidentified Prototypes . | . . . Corrupted Parts 1 | . . 1 System Corruption 2 | . . 2 Parts Lost 8 | . . 8 Power 1 | . . 1 Propulsion 3 | . . 3 Utility 1 | . . 1 Weapon 3 | . . 3 Highest Loss Streak 4 | . . 4 To Critical Strikes . | . . . Average Backups 5 | 3 5 5 Power . | 1 1 . Propulsion 2 | 1 2 2 Utility 1 | . . 2 Weapon . | . 1 . Tool/Special . | . . . Unused Backups 4 | . . 4 Power . | . . . Propulsion 1 | . . 1 Utility 3 | . . 3 Weapon . | . . . Tool/Special . | . . . Average Slot Usage (%) 89 | . 100 88 Engine 13 | . 14 13 Treads 18 | . 28 17 Wheel 9 | . . 10 Device 9 | . 14 8 Storage 14 | . 14 14 Energy Gun 13 | . 28 11 Energy Cannon 9 | . . 11 Peak Build Rating 8 | 7 7 8 Average Rating 6 | 5 7 7 On Entrance 4 | . 7 7 Avg Prop Armor Cover (%) . | . . . Naked Turns . | . . . Heaviest Build 19 | 13 13 19 Greatest Support 40 | 40 40 40 Greatest Overweight (x) . | . . . Average Overweight (x) . | . . . Largest Inventory Capacity 8 | 8 8 8 Average Capacity 7 | 7 8 8 Most Carried 7 | 6 7 7 Average Carried 5 | 3 5 5 Final Capacity 8 | 8 8 8 Final Carried 7 | 4 7 5 Class Distribution -------------------- 100% | Mutant Dominant Class ---------------- Mutant | -10/Materials Mutant | -10/Subcaves Resources | -11 -10 -10 ----------- Run | Yrd Mat Sub Matter Collected 342 | 260 10 72 Remotely . | . . . Salvage Created 527 | 179 . 348 Parts 34 | 14 . 20 Haulers Intercepted . | . . . Recyclers Shooed . | . . . Parts Field Recycled . | . . . Retrieved Matter . | . . . Parts Self-Destructed 12 | . . 12 Prevented 2 | . . 2 Parts Restored . | . . . Kills | -11 -10 -10 ------- Run | Yrd Mat Sub Combat Hostiles Destroyed 8 | . . 8 Guns 1 | . . 1 Cannons 5 | . . 5 AOE 2 | . . 2 Classes Destroyed 7 | 2 . 5 Worker 1 | 1 . . Tunneler 7 | 7 . . Turret 2 | . . 2 Swarmer 3 | . . 3 Grunt 1 | . . 1 Sentry 1 | . . 1 Subdweller 3 | . . 3 Best Kill Streak 4 | 4 . 3 Combat Bots Only 3 | . . 3 Max Kills in Single Turn 1 | 1 . 1 Gunslinging . | . . . Exploded 1 | . . 1 Melee . | . . . Uniques/NPCs Destroyed . | . . . Combat | -11 -10 -10 -------- Run | Yrd Mat Sub Hostile Shots Fired 100 | . . 100 Missed 33 | . . 33 Hits 67 | . . 67 Projectile 67 | . . 67 AOE 1 | . . 1 Critical Strikes 1 | . . 1 Damage Taken 946 | 4 . 942 Core 252 | 4 . 248 Absorbed by Shields . | . . . Core Remaining (%) 98 | 98 . . Volleys Fired 75 | 19 . 56 Largest 2 | 2 . 2 Hottest 90 | 80 . 90 Shots Fired 108 | 38 . 70 Gun 64 | 38 . 26 Cannon 44 | . . 44 Launcher . | . . . Special . | . . . Kinetic . | . . . Thermal 51 | . . 51 Explosive . | . . . Electromagnetic 57 | 38 . 19 Robot Hit Streak 10 | 7 . 10 Robot Miss Streak 5 | 5 . 3 Penetration Max . | . . . Secondary Targets . | . . . Shots Hit Robots 63 | 21 . 42 Core Hits 21 | 8 . 13 Critical Kills 1 | . . 1 Critical Parts Destroyed . | . . . Critical Strikes 3 | . . 3 Meltdown 1 | . . 1 Corrupt 2 | . . 2 Melee Attacks . | . . . Impact . | . . . Slashing . | . . . Piercing . | . . . Sneak Attacks . | . . . Combat Hostiles . | . . . Follow-up Attacks . | . . . Damage Inflicted 1361 | 428 . 933 Guns 511 | 276 . 235 Cannons 612 | . . 612 Explosions 238 | 152 . 86 Melee . | . . . Ramming . | . . . Kinetic . | . . . Thermal 925 | 152 . 773 Explosive . | . . . Electromagnetic 436 | 276 . 160 Impact . | . . . Slashing . | . . . Piercing . | . . . Highest Corruption 2 | . . 2 Average Corruption 2 | . . 2 Corruption Purged . | . . . Corruption Blocked . | . . . Effects 14 | . . 14 Message Errors 2 | . . 2 Matter Fused 4 | . . 4 Heat Flow Errors 2 | . . 2 Energy Discharges 2 | . . 2 Data Loss (minor) 3 | . . 3 Misfires 1 | . . 1 Overload Shots . | . . . Overflow Damage 29 | 19 . 10 Projectiles 10 | . . 10 Explosions 19 | 19 . . Melee . | . . . Knockbacks . | . . . Impact . | . . . Kinetic . | . . . Secondary . | . . . Self-Inflicted Damage 49 | 5 . 44 Shots 2 | 1 . 1 Rammed . | . . . Targets Rammed . | . . . Kicked . | . . . Crushed . | . . . Highest Temperature 269 | 72 . 269 Average Temperature 53 | 24 . 77 Received Heat Transfer 588 | . . 588 Siege Activations . | . . . Martial Activations . | . . . Shielding Activations . | . . . Robots Disrupted . | . . . Combat Hostiles . | . . . Robots Corrupted . | . . . Combat Hostiles . | . . . Parts Fried 3 | 2 . 1 Impact Corruptions . | . . . Robots Melted 1 | . . 1 Combat Hostiles . | . . . Parts Melted 1 | . . 1 Heat Transferred 1386 | 250 . 1136 Parts Sabotaged . | . . . Parts Stolen . | . . . Parts Stripped . | . . . Power Chain Reactions 6 | 4 . 2 Alert | -11 -10 -10 ------- Run | Yrd Mat Sub Maximum Alert Level . | . . . Low Security (%) 100 | 100 100 . Level 1 . | . . . Level 2 . | . . . Level 3 . | . . . Level 4 . | . . . Level 5 . | . . . High Security . | . . . Max Security . | . . . Peak Influence 10 | 10 . . Initial . | . . . Average 1 | 1 . . Influence Increases 240 | 40 . 200 Destroy 0b10 Robot/C 140 | . . 140 Destroy 0b10 Robot/NC 40 | 40 . . Lose Combat Pursuer 60 | . . 60 Influence Decreases 240 | 40 . 200 Time Decay 200 | 40 . 160 Lost Part 40 | . . 40 Squads Dispatched . | . . . Investigation . | . . . Extermination . | . . . Reinforcement . | . . . Assault . | . . . Garrison . | . . . Intercept . | . . . Searches Triggered . | . . . Construction Impeded . | . . . Haulers Reinforced . | . . . Active Scanning Responses . | . . . Cargo Convoy Interrupts . | . . . Stealth | -11 -10 -10 --------- Run | Yrd Mat Sub Distress Signals . | . . . Communications Jammed . | . . . Distress Signals . | . . . Times Spotted 11 | . . 11 Peak Tracking Total 4 | . . 4 Tactical Retreats 2 | . . 2 Traps | -11 -10 -10 ------- Run | Yrd Mat Sub Traps Triggered . | . . . Indirectly . | . . . Trap Hack Attempts . | . . . Triggered . | . . . Disarmed . | . . . Reprogrammed . | . . . Reused . | . . . Traps Extracted . | . . . Installed . | . . . Triggered . | . . . Machines | -11 -10 -10 ---------- Run | Yrd Mat Sub Machines Disabled 1 | . . 1 Max in Single Turn 1 | . . 1 Machines Repaired . | . . . Machines Dismantled . | . . . Machines Sabotaged . | . . . Overloaded Fab Kills . | . . . Hacking | -11 -10 -10 --------- Run | Yrd Mat Sub Machines Accessed 1 | . . 1 Terminals . | . . . Fabricators . | . . . Repair Stations . | . . . Recycling Units . | . . . Scanalyzers . | . . . Garrison Access . | . . . Total Hacks 1 | . . 1 Successful 1 | . . 1 Failed . | . . . Catastrophic . | . . . Database Lockouts . | . . . Manual . | . . . Terminals . | . . . Fabricators . | . . . Repair Stations . | . . . Recycling Units . | . . . Scanalyzers . | . . . Garrison Access . | . . . Terminal Hacks 1 | . . 1 Proto ID Catalog 1 | . . 1 Fabricator Hacks . | . . . Repair Station Hacks . | . . . Recycling Unit Hacks . | . . . Scanalyzer . | . . . Garrison Access Hacks . | . . . Unauthorized Hacks . | . . . Terminals . | . . . Fabricators . | . . . Repair Stations . | . . . Recycling Units . | . . . Scanalyzers . | . . . Garrison Access . | . . . Data Cores Recovered . | . . . Used . | . . . Hacking Detections . | . . . Full Trace Events . | . . . Feedback Events . | . . . Feedback Blocked . | . . . Robot Schematics Acquired . | . . . Robots Built . | . . . Authchips . | . . . Time . | . . . Total Robot Build Rating . | . . . Part Schematics Acquired . | . . . Parts Built . | . . . Authchips . | . . . Time . | . . . Total Part Build Rating . | . . . Part Studies Acquired . | . . . Parts Repaired . | . . . Time . | . . . Parts Recycled . | . . . Recycled Matter . | . . . Retrieved Matter . | . . . Retrieved Components . | . . . Parts Scanalyzed . | . . . Part Schematics Acquired . | . . . Parts Damaged . | . . . Bothacking | -11 -10 -10 ------------ Run | Yrd Mat Sub Used RIF Installer . | . . . Robots Hacked . | . . . Non-combat . | . . . Combat . | . . . Robot Hacks Applied . | . . . Relay Couplers Released . | . . . Fabnet Peak Effective % . | . . . Robots Rewired . | . . . Allies Hacked . | . . . Hacks Repelled . | . . . Allies | -11 -10 -10 -------- Run | Yrd Mat Sub Total Allies . | . . . Largest Group . | . . . Highest-Rated Group . | . . . Highest-Rated Ally . | . . . Total Orders . | . . . Ally Attacks . | . . . Total Damage . | . . . Kills . | . . . Allies Corrupted . | . . . Allies Melted . | . . . Intel | -11 -10 -10 ------- Run | Yrd Mat Sub Active Infowar (turns) 716 | 8 117 591 Seismic 716 | 8 117 591 Robot Analysis Total . | . . . Derelict Logs Recovered 1 | . . 1 Drone Launches . | . . . Drone Recoveries . | . . . Exploration | -11 -10 -10 ------------- Run | Yrd Mat Sub Turns Passed 1339 | 272 117 950 Spaces Moved 825 | 133 72 620 Core 21 | 21 . . Treads 506 | 112 72 322 Legs . | . . . Wheels 298 | . . 298 Hover . | . . . Flight . | . . . Fastest Speed 50 | 50 160 90 Average Speed 131 | 142 160 126 Slowest Speed 160 | 160 160 160 Overloaded Moves . | . . . Propulsion Burnouts . | . . . Robots Hopped . | . . . Potential Cave-ins . | . . . Cave-ins Triggered . | . . . Exploration Rate (%) 20 | 8 13 39 Regions Visited 2 Branch Regions 1 Pre-discovered Areas 2 | . . 2 Known Exits Taken . | . . . Unknown Exits Taken 2 | 1 1 . Scrap Searched . | . . . Spaces Dug . | . . . Terrain Destroyed 31 | 21 . 10 Melee . | . . . Projectile 5 | . . 5 AOE 26 | 21 . 5 Terrain Rammed . | . . . Walls Destroyed . | . . . Machines Disabled . | . . . Actions | -11 -10 -10 --------- Run | Yrd Mat Sub Total 969 | 177 74 718 Wait 40 | 8 . 32 Move 823 | 132 71 620 Hop . | . . . Pick Up 17 | 11 3 3 Fast Attach . | . . . Attach 11 | 7 . 4 Detach . | . . . Swap 2 | . . 2 Drop 1 | . . 1 Fire 75 | 19 . 56 Melee . | . . . Ram . | . . . Kick . | . . . Crush . | . . . Escape Stasis . | . . . Rewire . | . . . Trap . | . . . Miscellaneous . | . . . Route ------- -11/Scrapyard -10/Materials -10/Subcaves (discovered 3 exits: [*Mat] / [*Rec] / [*Scr]) History --------- Turn | Location | Event 10 | -11/Scrapyard | Discovered new exit (range 15) 273 | -11/Scrapyard | Entered Materials 305 | -10/Materials | Build established: Mutant 372 | -10/Materials | Discovered new exit (range 9) 390 | -10/Materials | Entered Subcaves 391 | -10/Subcaves | Approached by a straggling Scientist 398 | -10/Subcaves | Learned location of Zion (-7) 398 | -10/Subcaves | Met a Zionite searching for "candidates" 492 | -10/Subcaves | Shifting Twisted Machinery released Piercing Trap 493 | -10/Subcaves | Discovered new exit (range 14) 534 | -10/Subcaves | Shifting Twisted Machinery released Sub. Monowheel 577 | -10/Subcaves | Shifting Twisted Machinery released Battle Cannon 899 | -10/Subcaves | Shifting Twisted Machinery released Slug Cannon 903 | -10/Subcaves | Shifting Twisted Machinery released Sub. Optics 976 | -10/Subcaves | Core integrity fell below 50% 984 | -10/Subcaves | Discovered new exit (range 16) 1012 | -10/Subcaves | Lost 4 parts (1p1n1u1w) 1026 | -10/Subcaves | A swath of the cavern ceiling suddenly collapsed 1078 | -10/Subcaves | Visited 4L-MR0's lab 1087 | -10/Subcaves | Found Gun Armor 1142 | -10/Subcaves | A swath of the cavern ceiling suddenly collapsed 1283 | -10/Subcaves | Scientist uncovered a shortcut to Scraptown 1311 | -10/Subcaves | A Subdweller sparked back to life 1311 | -10/Subcaves | A Subdweller sparked back to life 1311 | -10/Subcaves | A Subdweller sparked back to life 1337 | -10/Subcaves | Found Meta Core 1340 | -10/Subcaves | Destroyed by 3K-HFW(R) with Subdweller Shrapnel Launcher Last Messages --------------- RW-3TL(c): "I think it's somewhere south of here" 01283_ RW-3TL(c): "Hah, right again, there it is!" [Achievement: Nice Directions, Buddy] 01285_ RW-3TL(c) exits level. 01311_ IG-L31(R) creaks and sparks as it begins to move. 01311_ 3K-HFW(R) creaks and sparks as it begins to move. 01311_ GM-WIU(R) creaks and sparks as it begins to move. 01316_ Wheel destroyed. 01321_ IG-L31(R) affixes Scrap Shield Fragment to Scrap Shield. 01322_ IG-L31(R) destroyed. 01325_ Subatomizers dissect the Sub. Machine Gun. 01327_ System corrupted: FCS attempts to trigger Sub. Beam Cannon. 01327_ System corrupted: Sub. Beam Cannon misfires. 01329_ GM-WIU(R) affixes Scrap Shield Fragment to Scrap Shield. 01332_ Com. Wheel destroyed. 01334_ GM-WIU(R) destroyed. 01335_ Subatomizers dissect the Sub. Machine Gun. 01337_ Acquired Meta Core. 01340_ Acquired 21 matter. 01340_ Sub. Beam Cannon destroyed. Map ----- +----------------------------------------------------+ | ??????????????????????????????## ##????????# | | ???????????????????????????????##??????????# | | ?????????????????????????????????????????### | | ??????????????????????????????????????#### ## | | ?????????????????????????????????????## ### | | ?????????????????????????????????????# ### | | ?????????????????????????????????????# | | ?????????????????????????????????????# ## | | ?????????????????????????????????????## ##### | | ??????????????????????????????????????# #???# | | ???????????????????????????????????##?####### | | ??????????????????????????????????## #??## | | ???????????????????????????????##?? ??# ## | | ??????????????????????????????? "? ??## #### | | ??????????????????????????????? ## #??## #??? | | ?????????????????##???? ""????? ?# ##?## #??? | | ?????????????????# ???#"""??## ### ##?## #??? | | ???????????????? ? #### "?## ### ##?###??? | | ??????????????### ? ; "?# #?# ###????? | | ?????????????## ## ## #??# ###??? | | ????????????## <## #??## ##?? | | ????????????? # ## ##?# ### | | ?????????????